 Dungeon Crawl Stone Soup version 0.24-a0-378-g94936e539c (webtiles) character file.

Game seed: 2557259621720507143

110 Azzok the Insei (level 4, 0/28 HPs)
             Began as an Octopode Transmuter on June 1, 2019.
             Succumbed to an adder's poison
             ... on level 2 of the Dungeon.
             The game lasted 00:05:43 (3060 turns).

Azzok the Insei (Octopode Transmuter)               Turns: 3060, Time: 00:05:44

Health: 0/28       AC:  1    Str:  9    XL:     4   Next: 91%
Magic:  7/7        EV: 11    Int: 16    God:
Gold:   105        SH:  7    Dex: 12    Spells: 6/7 levels left

rFire    . . .     SeeInvis .   n - +2 spear (pierce)
rCold    . . .     Gourm    .   b - +0 shield
rNeg     . . .     Faith    .   (helmet restricted)
rPois    .         Spirit   .   (no amulet)
rElec    .         Reflect  .   (no ring)
rCorr    .         Harm     .   (no ring)
MR       .....                  (no ring)
Stlth    ++........             (no ring)
HPRegen  0.09/turn              (no ring)
MPRegen  0.10/turn              (no ring)
                                (no ring)
                                (no ring)

@: lethally poisoned (0 -> -12)
A: almost no armour, stealthy swim, amphibious, 8 rings, constrict 8, camouflage
1, gelatinous body 1
a: no special abilities


You were on level 2 of the Dungeon.
You were not hungry.

You visited 1 branch of the dungeon, and saw 3 of its levels.

You collected 105 gold pieces.

Inventory:

Hand Weapons
 n - a +2 spear of piercing (weapon)
Missiles
 a - 30 arrows
Armour
 b - a +0 shield (worn)
Jewellery
 p - an uncursed amulet of faith
Scrolls
 d - 3 scrolls of amnesia {unknown}
 e - 3 scrolls of remove curse {unknown}
 i - a scroll of enchant armour {unknown}
 m - a scroll of noise {unknown}
 q - a scroll of enchant weapon {unknown}
Potions
 f - a potion of heal wounds
 g - a potion of curing
 h - a potion of mutation {unknown}
 j - 2 potions of flight {unknown}
 k - a potion of haste
 l - a potion of berserk rage
Comestibles
 c - 6 rations
 o - 2 chunks of flesh


   Skills:
 - Level 1.0 Fighting
 - Level 2.0 Dodging
 + Level 2.3 Shields
 + Level 3.9 Unarmed Combat
 - Level 2.0 Spellcasting
 + Level 3.2 Transmutations


You had 6 spell levels left.
You knew the following spells:

 Your Spells              Type           Power        Failure   Level  Hunger
a - Beastly Appendage     Tmut           ##....       28%         1    #......

Your spell library contained the following spells:

 Spells                   Type           Power        Failure   Level  Hunger
 Sticks to Snakes         Tmut           ##......     41%         2    ###....
 Spider Form              Tmut/Pois      #.........   86%         3    ###....
 Ice Form                 Ice/Tmut       #.......     99%         4    #####..
 Blade Hands              Tmut           ##........   100%        5    ######.


Dungeon Overview and Level Annotations

Branches:
Dungeon (3/15)

Altars:
The Shining One

Annotations:
D:3 Ijyb


Innate Abilities, Weirdness & Mutations

You cannot wear most types of armour.
You are very stealthy in the water. (Stealth+)
You are amphibious.
You can wear up to eight rings at the same time.
You can use your tentacles to constrict eight enemies at once.
Your skin changes colour to match your surroundings (Stealth+).
Your rubbery body absorbs attacks. (AC +1, EV +1)


Message History

The adder is heavily wounded.
You feel sick. You block the adder's attack. The adder bites you.
* * * LOW HITPOINT WARNING * * *
You are lethally poisoned!
The adder poisons you!
You miss the adder. Your grab misses the adder. Your squeeze misses the adder.
The adder is heavily wounded.
The adder barely misses you.
You closely miss the adder. Your grab misses the adder.
The adder is heavily wounded.
* * * LOW HITPOINT WARNING * * *
You feel sick. The adder bites you.
* * * LOW HITPOINT WARNING * * *
You are more poisoned.
The adder poisons you! You block the adder's attack.
Your shield prevents you from hitting the adder.
You grab the adder.
The adder is heavily wounded.
You constrict the adder.
You die...

··▒▒▒·▒▒▒······▒
▒·▒·▒
··▒▒·▒·▒▒▒▒▒▒▒·▒
▒·▒·▒
··▒·▒▒▒·▒▒▒▒▒▒·▒▒▒▒▒▒
▒·▒·▒ ···▒▒
▒▒············▒
▒·▒·▒▒▒▒
··▒·▒▒▒·▒▒▒▒▒▒·▒▒▒▒·▒
▒·▒<···· ··▒▒·▒·▒▒
▒·▒ ▒·▒ ▒·▒▒▒▒▒▒
··▒▒▒·▒▒ ▒·▒ ▒·▒ ▒·▒
··▒ ▒▒▒
▒·▒▒▒▒·▒▒▒▒▒▒·▒ ··▒
▒·<@·····>····▒ ··▒
▒·S▒▒▒·▒▒▒▒▒▒▒▒ ··▒
▒··▒ ▒·▒ ·>▒▒▒▒▒▒▒▒▒
▒··▒ ▒·▒ ··········▒
▒··▒ ▒·▒ ·▒▒▒▒▒▒▒▒·▒
▒··▒▒▒·▒▒▒▒▒▒▒▒▒
<·)·▒ ▒·▒
▒··············▒
▒▒▒·▒▒▒▒▒·▒
▒·▒▒▒▒·▒▒▒▒▒▒▒·▒
········▒·▒ ▒·▒ ▒·▒
▒·▒


You could see an adder.

Vanquished Creatures
  4 gnolls
  2 adders (D:2)
  2 worms
  2 dart slugs (D:1)
  A leopard gecko (D:2)
  5 giant cockroaches
  6 goblins
  6 hobgoblins
  8 bats
  A frilled lizard (D:1)
  3 kobolds (D:1)
  3 rats
43 creatures vanquished.

Notes
Turn   | Place    | Note
-------+----------+-------------------------------------------
     0 | D:1      | Azzok the Octopode Transmuter began the quest for the Orb.
     0 | D:1      | Reached XP level 1. HP: 13/13 MP: 3/3
   297 | D:1      | Reached XP level 2. HP: 18/18 MP: 5/5
   317 | D:1      | Reached skill level 1 in Shields
   792 | D:1      | Reached XP level 3. HP: 23/23 MP: 6/6
  1966 | D:2      | Reached XP level 4. HP: 12/28 MP: 7/7
  2877 | D:3      | Found a glowing golden altar of the Shining One.
  2895 | D:3      | Noticed Ijyb
  3059 | D:2      | HP: 1/28 [adder (5)]
  3060 | D:2      | Succumbed to an adder's poison

Levels and vault maps discovered:
D:1:      grunt_arrival_lava_bath, layout_basic, hex_large
D:2:      layout_loops_ring
D:3:      layout_rooms, lemuel_round_altar, uniq_ijyb

Skill      XL: |  1  2  3  4 |
---------------+-------------+-----
Shields        | 1 2 |  2.3
Transmutations | 3 |  3.2
Fighting       | |  1.0
Dodging        | |  2.0
Unarmed Combat | |  3.9
Spellcasting   | |  2.0

Action                   |  1- 3 |  4- 6 || total
-------------------------+-------+-------++-------
Melee: Unarmed           |    57 |       ||    57
       Constrict         |    18 |     7 ||    25
       Tentacles         |     4 |       ||     4
       Spear             |     3 |    47 ||    50
       Punch             |       |     1 ||     1
  Use: Scroll            |       |     4 ||     4
 Stab: Sleeping          |     3 |     6 ||     9
  Eat: Chunk             |     3 |     4 ||     7
Armor: Skin              |     9 |     2 ||    11
Dodge: Dodged            |    21 |    13 ||    34
Block: Shield            |    17 |    19 ||    36

Table legend:
 A = Non-vault XP
 B = Vault XP
 C = Vault XP percentage of total XP
 D = Non-vault monster count
 E = Vault monster count
 F = Vault count percentage of total count
                 A         B        C        D         E       F
            +---------+---------+-------+---------+---------+-------
      Total |     158 |       0 |   0.0 |      43 |       0 |   0.0
            +---------+---------+-------+---------+---------+-------
        D:1 |      72 |       0 |   0.0 |      22 |       0 |   0.0
        D:2 |      77 |       0 |   0.0 |      16 |       0 |   0.0
        D:3 |       9 |       0 |   0.0 |       5 |       0 |   0.0
            +---------+---------+-------+---------+---------+-------
